 Dungeon Crawl Stone Soup version 0.24.0-125-gc4c63601f3 (webtiles) character file.

Game seed: 16842817138530727302, levelgen mode: deterministic

7196 Curus the Basher (level 10, -3/94 HPs)
             Began as a Minotaur Berserker on Feb 19, 2020.
             Was a High Priest of Trog.
             Killed from afar by an electric eel (6 damage)
             ... with a bolt of electricity
             ... on level 9 of the Dungeon.
             The game lasted 00:40:21 (7956 turns).

Curus the Basher (Minotaur Berserker)               Turns: 7956, Time: 00:40:22

Health: -3/94      AC: 15    Str: 22    XL:     10   Next: 87%
Magic:  9/9        EV:  7    Int:  7    God:    Trog [*****.]
Gold:   368        SH:  3    Dex: 10    Spells: 9/9 levels left

rFire    + . .     SeeInvis +   C - +0 dire flail
rCold    . . .     Gourm    .   (shield currently unavailable)
rNeg     . . .     Faith    .   u - +1 plate armour
rPois    .         Spirit   .   (helmet restricted)
rElec    .         Reflect  +   (no cloak)
rCorr    .         Harm     .   (no gloves)
MR       ++...                  (no boots)
Stlth    ..........             k - +3 amulet of reflection
HPRegen  1.25/turn              d - ring of protection from fire
MPRegen  0.11/turn              o - ring of see invisible

@: regenerating
A: retaliatory headbutt, horns 2
a: Berserk, Trog's Hand, Brothers in Arms, Renounce Religion


You were on level 9 of the Dungeon.
You worshipped Trog.
Trog was extremely pleased with you.
You were not hungry.

You visited 1 branch of the dungeon, and saw 9 of its levels.
You also visited: Sewer.

You collected 485 gold pieces.
You spent 117 gold pieces at shops.

Inventory:

Hand Weapons
 a - a +1 mace
 v - a +2 flail of crushing
 w - a +0 flail
 x - a +2 flail of protection
 C - a +0 dire flail (weapon)
 H - the +3 glaive "Vizamusa" {drain, rPois MR+ MP-9 Int+3, unknown}
   (Trog gifted it to you on level 9 of the Dungeon)

   A truly terrible weapon, it drains the life of those it strikes.
   It affects your intelligence (+3).
   It protects you from poison.
   It affects your resistance to hostile enchantments.
   It affects your magic capacity (-9).
Armour
 b - a +0 animal skin
 j - a +0 ring mail
 p - a +0 chain mail
 u - a +1 plate armour (worn)
 F - +0 swamp dragon scales
Jewellery
 d - a ring of protection from fire (left hand)
 e - an uncursed ring of teleportation
 f - an uncursed ring of protection from fire
 h - an uncursed ring of ice
 k - a +3 amulet of reflection (around neck)
 o - a ring of see invisible (right hand)
 s - a -4 ring of strength
 E - an uncursed amulet of harm
Wands
 t - a wand of paralysis (11)
 B - a wand of iceblast (9)
 D - a wand of digging (5)
Scrolls
 l - 4 scrolls of identify
 n - 4 scrolls of remove curse
 q - 3 scrolls of magic mapping
 r - 10 scrolls of teleportation
 y - a scroll of fear
 A - a scroll of fog
Potions
 g - 5 potions of curing
 i - 2 potions of flight
 m - a potion of heal wounds
 z - a potion of haste
Comestibles
 c - 16 rations
 G - a chunk of flesh


   Skills:
 + Level 10.5 Fighting
 - Level 14.1 Maces & Flails
 + Level 10.2 Armour
 - Level 2.1 Dodging


You had 9 spell levels left.
You didn't know any spells.
Your spell library was empty.

Dungeon Overview and Level Annotations

Branches:
Dungeon (9/15)             Temple (0/1) D:6            Lair (0/6) D:9
  Sewer (visited)
    Orc: D:9-12

Altars:
Elyvilon
Gozag
Hepliaklqana
Qazlal
Vehumet
Wu Jian
Zin

Shops:
D:6 ?


Innate Abilities, Weirdness & Mutations

You reflexively headbutt those who attack you in melee.
You have a pair of horns on your head.


Message History

The bolt of electricity misses you.
The electric eel shoots out a bolt of lightning at you!
The bolt of electricity hits you!
* * * LOW HITPOINT WARNING * * *
The electric eel shoots out a bolt of lightning at you!
The bolt of electricity hits you.
* * * LOW HITPOINT WARNING * * *
You feel much better.
The electric eel shoots out a bolt of lightning at you!
The bolt of electricity hits you.
* * * LOW HITPOINT WARNING * * *
The electric eel shoots out a bolt of lightning at you!
The bolt of electricity hits you.
* * * LOW HITPOINT WARNING * * *
The electric eel shoots out a bolt of lightning at you!
The bolt of electricity hits you!
* * * LOW HITPOINT WARNING * * *
The electric eel shoots out a bolt of lightning at you!
The bolt of electricity hits you.
You die...

..............'........#
.###########..#........#
###########..#........#
............#####..###
####'######'########'###
#.......................
#.......................
#####..##.....##.......
####.@##.....##....###
#......#.....##....#..
.##......#...........#†.
...........≈...........†
#..≈≈≈..;.;≈............
+....≈..≈≈≈.≈≈..≈≈≈....#
#....≈≈≈≈≈≈≈≈≈≈≈≈≈≈†....
#.....;≈≈≈..≈≈≈≈≈;≈≈≈...
#....≈≈≈..≈...≈≈≈≈.....#


You could see 3 electric eels.

Vanquished Creatures
  A two-headed ogre (D:8)
  A troll (D:9)
  A hippogriff (D:7)
  Sigmund (D:3)
  A hungry ghost (D:9)
  6 yaks
  Duvessa (D:7)
  An ice beast (D:8)
  3 sky beasts
  4 orc warriors
  A black bear (D:8)
  A necrophage (D:7)
  A phantom (D:4)
  2 centaurs
  6 ogres
  5 wolves (D:9)
  2 big kobolds (Sewer)
  4 bullfrogs
  4 scorpions
  Dowan (D:7)
  A water moccasin skeleton (D:8)
  11 killer bees
  3 wights (D:6)
  4 howler monkeys
  2 electric eels (D:9)
  2 crimson imps (D:7)
  A quasit (D:7)
  2 orc priests
  5 hounds
  A jelly (D:5)
  Ijyb (D:5)
  Terence (D:3)
  5 iguanas
  11 orc wizards
  8 worker ants
  A killer bee zombie (D:8)
  A hound skeleton (D:6)
  3 gnolls (D:6)
  A howler monkey skeleton (D:8)
  14 adders
  A river rat (Sewer)
  2 shadow imps
  4 oozes
  An adder zombie (D:8)
  3 adder skeletons (D:5)
  4 worms
  2 dart slugs (D:1)
  6 leopard geckos
  28 orcs
  5 bats
  7 giant cockroaches
  9 goblins
  2 hobgoblins (D:1)
  10 kobolds
  5 quokkas
  6 ball pythons
  3 frilled lizards
  8 rats
231 creatures vanquished.

Vanquished Creatures (others)
  A quokka (D:7)
1 creature vanquished.

Grand Total: 232 creatures vanquished

Notes
Turn   | Place    | Note
-------+----------+-------------------------------------------
     0 | D:1      | Curus the Minotaur Berserker began the quest for the Orb.
     0 | D:1      | Reached XP level 1. HP: 19/19 MP: 0/0
    74 | D:1      | Reached skill level 4 in Maces & Flails
   163 | D:1      | Reached XP level 2. HP: 8/26 MP: 1/1
   637 | D:1      | Reached skill level 5 in Maces & Flails
   867 | D:2      | Reached XP level 3. HP: 31/31 MP: 2/2
   873 | D:2      | Found a stormy altar of Qazlal.
   914 | D:2      | Reached ** piety under Trog
  1280 | D:2      | Reached XP level 4. HP: 38/39 MP: 3/3
  1316 | D:2      | Reached skill level 6 in Maces & Flails
  1793 | D:3      | Noticed Sigmund
  1814 | D:3      | Killed Sigmund
  1814 | D:3      | Reached skill level 7 in Maces & Flails
  1814 | D:3      | Reached XP level 5. HP: 20/45 MP: 4/4
  2012 | D:3      | Reached skill level 8 in Maces & Flails
  2229 | D:3      | Noticed Terence
  2239 | D:3      | Killed Terence
  2239 | D:3      | Reached XP level 6. HP: 49/51 MP: 5/5
  2587 | D:4      | Reached skill level 9 in Maces & Flails
  2730 | D:4      | Reached XP level 7. HP: 28/57 MP: 6/6
  3053 | D:4      | Reached skill level 10 in Maces & Flails
  3357 | D:5      | Entered Level 5 of the Dungeon
  3527 | D:5      | Noticed Ijyb
  3542 | D:5      | Killed Ijyb
  3691 | D:5      | Found an opulent altar of Gozag.
  3692 | D:5      | Found an ornate altar of the Wu Jian Council.
  3874 | D:5      | Reached *** piety under Trog
  3994 | D:5      | Found a glowing drain.
  4023 | Sewer    | Entered a sewer
  4048 | Sewer    | Reached skill level 11 in Maces & Flails
  4319 | Sewer    | Reached XP level 8. HP: 55/64 MP: 7/7
  4608 | D:6      | Found a staircase to the Ecumenical Temple.
  4630 | D:6      | Reached skill level 12 in Maces & Flails
  4703 | D:6      | Reached **** piety under Trog
  4848 | D:6      | Reached skill level 13 in Maces & Flails
  5274 | D:6      | Found Xooq's Magic Scroll Shop.
  5288 | D:6      | Bought a scroll of teleportation for 39 gold pieces
  5288 | D:6      | Bought a scroll of teleportation for 39 gold pieces
  5288 | D:6      | Bought a scroll of teleportation for 39 gold pieces
  5399 | D:7      | Noticed Dowan
  5416 | D:7      | Killed Dowan
  5416 | D:7      | Reached XP level 9. HP: 58/70 MP: 8/8
  5428 | D:7      | Noticed Duvessa
  5446 | D:7      | Killed Duvessa
  5446 | D:7      | Reached skill level 14 in Maces & Flails
  5463 | D:7      | HP: 5/108 [orc warrior/+0 flail (14)]
  5572 | D:7      | Reached skill level 5 in Fighting
  5588 | D:7      | Reached skill level 5 in Armour
  5595 | D:7      | HP: 1/75 [yak (5)]
  5728 | D:7      | Reached ***** piety under Trog
  5774 | D:7      | Found a white marble altar of Elyvilon.
  5937 | D:7      | Found a hazy altar of Hepliaklqana.
  5944 | D:7      | Found a glowing silver altar of Zin.
  6375 | D:8      | Reached XP level 10. HP: 66/88 MP: 9/9
  6422 | D:8      | Found a radiant altar of Vehumet.
  6424 | D:8      | Noticed a two-headed ogre
  6430 | D:8      | Killed a two-headed ogre
  7487 | D:9      | Reached skill level 10 in Fighting
  7534 | D:9      | Reached skill level 10 in Armour
  7918 | D:9      | Received a gift from Trog
  7919 | D:9      | Got a faintly glowing glaive {god gift}
  7944 | D:9      | Found a staircase to the Lair.
  7956 | D:9      | HP: 3/94 [electric eel/bolt of electricity (14)]
  7956 | D:9      | Killed from afar by an electric eel

Levels and vault maps discovered:
D:1:      sevenhm_arrival_forest_fort_small_5, layout_basic
D:2:      layout_rooms, nicolae_overflow_hidden_temple, minmay_misc_feat_alley
D:3:      layout_basic, uniq_terence, uniq_sigmund
D:4:      layout_basic, st_stairs_12, serial_bayou_pond_d
D:5:      layout_basic, gammafunk_temple_overflow_pools, first_ration,
          portal_sewer_entry_e, palyth_stone_intersect, uniq_ijyb
D:6:      layout_basic, minmay_temple_entry_steel_oval, serial_shops,
          nicolae_shop_window_shopping, hex_large
D:7:      layout_loops_corners, minitemple, elyvilon_altar_4, uniq_duvessa
D:8:      layout_basic, fiery_altar_vehumet, serial_rivers,
          chequers_serial_rivers_micro_e, chequers_serial_rivers_room_a,
          chequers_serial_rivers_large_a, chequers_serial_rivers_micro_e
D:9:      layout_stronghold, lemuel_mausoleum_altar_yredelemnul,
          erik_lair_island, hangedman_pestilent_swarm, glass_columns_b

Skill      XL: |  1  2  3  4  5  6  7  8  9 10 |
---------------+-------------------------------+-----
Maces & Flails | 4 5 7 8 9 11 13 14 | 14.1
Fighting       | 7 10 | 10.5
Armour         | 7 10 | 10.2
Dodging        | |  2.1

Action                   |  1- 3 |  4- 6 |  7- 9 | 10-12 || total
-------------------------+-------+-------+-------+-------++-------
Melee: Mace              |    60 |    63 |    45 |       ||   168
       Headbutt          |     8 |    10 |    68 |    30 ||   116
       Flail             |       |       |   400 |     4 ||   404
       Dire flail        |       |       |       |   220 ||   220
Invok: Berserk           |     1 |     1 |     6 |     1 ||     9
       Trog's Hand       |       |       |     1 |     1 ||     2
Evoke: Wand              |       |       |       |     1 ||     1
  Use: Potion            |     4 |     3 |     5 |     2 ||    14
       Scroll            |     3 |     2 |     6 |     2 ||    13
  Eat: Chunk             |     2 |     2 |    14 |     7 ||    25
       Ration            |       |     1 |     1 |     3 ||     5
Armor: Animal skin       |     2 |       |       |       ||     2
       Ring mail         |    10 |     6 |       |       ||    16
       Chain mail        |       |     6 |     3 |       ||     9
       Plate armour      |       |       |   171 |    88 ||   259
Dodge: Dodged            |    45 |    18 |   132 |    53 ||   248
Block: Other             |     1 |     6 |    43 |    15 ||    65
       Reflection        |       |     1 |     2 |       ||     3
